 Dungeon Crawl Stone Soup version 0.32-a0-18-g89e19f1974 (webtiles) character file.

Game seed: 9868839483322468880

6782 Hellonello the Slicer (level 11, 0/71 HPs)
             Began as an Octopode Shapeshifter on Jan 16, 2024.
             Was a Believer of Uskayaw.
             Slain by a two-headed ogre
             ... wielding a +0 giant spiked club
              (31 damage)
             ... on level 8 of the Dungeon.
             The game lasted 00:16:46 (6482 turns).

Hellonello the Slicer (Octopode Shapeshifter)       Turns: 6482, Time: 00:16:46

Health: 0/71       AC:  1    Str: 15    XL:     11   Next: 5%
Magic:  11/11      EV: 24    Int: 12    God:    Uskayaw [**....]
Gold:   441        SH:  0    Dex: 21    Spells: 10/10 levels left

rFire   . . .        r - +6 rapier (elec)
rCold   + . .        (no shield)
rNeg    . . .        (helmet currently unavailable)
rPois   .            (no amulet)
rElec   .            n - +6 ring of dexterity
rCorr   +            k - ring of the Impish God {rCorr SInv}
SInv    +            t - ring of protection from cold
Will    +....        s - +5 ring of evasion
Stlth   +++          (no ring)
HPRegen 0.31/turn    B - ring of willpower
MPRegen 0.12/turn    (no ring)
                     (no ring)

%: no passive effects
@: beast-form
A: beast (slay +3), almost no armour, amphibious, 8 rings, camouflage 1,
gelatinous body 1, (nimble swimmer 1), tentacles
a: Begin Untransformation, Renounce Religion, Stomp, Line Pass


You were on level 8 of the Dungeon.
You worshipped Uskayaw.
Uskayaw was noncommittal.
You were a hulking beast.
You visited 1 branch of the dungeon, and saw 8 of its levels.

You collected 441 gold pieces.

Inventory:

Hand Weapons
 r - a +6 rapier of electrocution (weapon)
Jewellery
 k - the ring of the Impish God (right tentacle) {rCorr SInv}
   (You acquired it on level 3 of the Dungeon)

   [ring of resist corrosion]

   SInv:      It lets you see invisible.
   rCorr:     It protects you from acid and corrosion.
 n - a +6 ring of dexterity (left tentacle)
 s - a +5 ring of evasion (on tentacle)
 t - a ring of protection from cold (on tentacle)
 B - a ring of willpower (on tentacle)
Talismans
 b - a beast talisman
 c - a flux talisman
Wands
 i - a wand of mindburst (10)
 l - a wand of quicksilver (12)
Scrolls
 h - a scroll of amnesia
 j - a scroll of fear
 q - a scroll of fog
 y - a scroll of teleportation
 z - 2 scrolls of identify
 A - a scroll of vulnerability
Potions
 a - 2 potions of lignification
 d - 2 potions of attraction
 e - a potion of enlightenment
 f - 2 potions of haste
 g - 4 potions of degeneration
 o - a potion of magic
 p - a potion of invisibility
 u - a potion of mutation
 v - a potion of berserk rage
 w - a potion of curing
 x - a potion of ambrosia


   Skills:
 - Level 5.0 Fighting
 + Level 12.1 Short Blades
 + Level 8.7 Dodging
 - Level 3.0 Unarmed Combat
 - Level 5.7 Shapeshifting


You had 10 spell levels left.
You didn't know any spells.
Your spell library contained the following spells:

 Spells                   Type           Power      Damage    Failure   Level
 Summon Lightning Spire   Summ/Air       0%         N/A       97%         4
 Lee's Rapid Deconstruct  Erth           0%         3d4*      100%        5
 Sculpt Simulacrum        Ice/Alch       0%         N/A       100%        6
 Ozocubu's Refrigeration  Ice            0%         4d7       100%        7
 Polar Vortex             Ice            0%         N/A       100%        9
 Animate Armour           Summ/Erth      Unusable   N/A       N/A         4

Dungeon Overview and Level Annotations

Branches:
Dungeon (8/15)             Temple (0/1) D:6
   Lair: D:8-11

Altars:
Dithmenos
Elyvilon
Fedhas
Uskayaw
Vehumet

Annotations:
D:6 3 runed translucent doors, avangion's ghost, novice DECj


Innate Abilities, Weirdness & Mutations

You are a hulking beast.
Your limbs bulge with bestial killing power. (Slay +3)
You cannot wear most types of armour.
You are amphibious.
You can wear up to eight rings at the same time.
Your skin changes colour to match your surroundings (Stealth+).
Your rubbery body absorbs attacks. (AC +1, EV +1)
((You are camouflaged when in or above water. (Stealth+)))
You have tentacles for arms and can constrict up to eight enemies at once.


Message History

You puncture the yak!
The yak is almost dead.
The yak misses you. x2
You puncture the yak!
You kill the yak!
The yak completely misses you.
Uskayaw will force your foes to share their pain.
You puncture the yak!
The yak is lightly wounded.
You hit the yak but do no damage. You squeeze the yak.
The yak is moderately wounded.
The yak closely misses you.
You hit the yak. Your squeeze misses the yak.
The yak is moderately wounded.
You puncture the yak! You squeeze the yak.
The yak is severely wounded.
The yak barely misses you.
You hit the yak. You squeeze the yak.
The yak is almost dead.
The yak closely misses you.
You can now merge with and destroy a victim.
You puncture the yak! Lightning courses through the yak!
You kill the yak!
You see here 6 stones.
Found a stone staircase leading down.
f - 2 potions of haste A two-headed ogre comes into view.
It is wielding a +0 giant spiked club and a +0 dire flail.
The two-headed ogre shouts in stereo!
You puncture the two-headed ogre! You squeeze the two-headed ogre.
The two-headed ogre is moderately wounded.
The two-headed ogre hits you with a +0 giant spiked club!!
The two-headed ogre hits you with a +0 dire flail!!
You puncture the two-headed ogre! You squeeze the two-headed ogre.
The two-headed ogre is heavily wounded.
You can now pass through a line of other dancers.
As you read the scroll of fear, it crumbles to dust.
You assume a fearsome visage.
The two-headed ogre resists with some effort.
The two-headed ogre hits you with a +0 giant spiked club!!
You die...

################
#.......hO......
#.##############
#.############## ######
#.##>..........# # #....#
#.###...######.#.#.#..#.#
#.####...####....#.<..#.#
#.............####.[....#
#######...###.##.....)))#
#..........######)#


You could see a two-headed ogre.

Vanquished Creatures
  A deep elf pyromancer (D:7)
  A manticore (D:7)
  3 cyclopes (D:7)
  Maggie (D:7)
  2 trolls (D:7)
  2 hornets
  Sigmund (D:5)
  4 yaks (D:8)
  2 wraiths (D:7)
  A steam dragon (D:7)
  Edmund (D:5)
  2 orc warriors
  2 sky beasts
  A black bear (D:7)
  3 ice beasts
  An ogre (D:6)
  4 centaurs
  5 bullfrogs
  2 scorpions
  A howler monkey (D:8)
  3 bombardier beetles
  A gnoll bouda (D:5)
  A hound (D:6)
  2 jellies
  An orc priest (D:8)
  Crazy Yiuf (D:7)
  3 sleepcaps (D:6)
  7 orc wizards
  10 adders
  13 gnolls
  4 white imps
  3 dart slugs (D:2)
  2 ribbon worms (D:2)
  27 orcs
  7 endoplasms
  3 giant cockroaches
  10 goblins
  5 hobgoblins
  2 quokkas
  4 ball pythons
  2 frilled lizards
  5 kobolds
  2 rats (D:1)
  A butterfly (D:6)
159 creatures vanquished.

Notes
Turn   | Place    | Note
-------+----------+-------------------------------------------
     0 | D:1      | Hellonello the Octopode Shapeshifter began the quest for
                  | the Orb.
     0 | D:1      | Reached XP level 1. HP: 13/13 MP: 1/1
   280 | D:1      | Reached XP level 2. HP: 18/18 MP: 2/2
   314 | D:1      | Found a faded altar of an unknown god.
   690 | D:2      | Found a hide-covered altar of Uskayaw.
   695 | D:2      | Became a worshipper of Uskayaw the Reveller
   702 | D:2      | Reached * piety under Uskayaw
   722 | D:2      | Reached XP level 3. HP: 16/23 MP: 3/3
   803 | D:2      | Reached ** piety under Uskayaw
  1189 | D:2      | Reached XP level 4. HP: 27/28 MP: 4/4
  1575 | D:3      | Found a blossoming altar of Fedhas.
  1665 | D:3      | Reached skill level 5 in Shapeshifting
  1983 | D:3      | Identified 2 scrolls of acquirement
  1983 | D:3      | Acquired a +4 rapier of electrocution
  1990 | D:3      | Acquired the ring of the Impish God {rCorr SInv}
  2043 | D:4      | Noticed an ice beast
  2053 | D:3      | Killed an ice beast
  2054 | D:3      | Reached XP level 5. HP: 16/33 MP: 5/5
  2195 | D:4      | Reached skill level 1 in Short Blades
  2195 | D:4      | Reached XP level 6. HP: 38/38 MP: 6/6
  2196 | D:4      | Reached skill level 2 in Short Blades
  2430 | D:4      | Found a shadowy altar of Dithmenos.
  2634 | D:4      | Reached skill level 3 in Short Blades
  2729 | D:5      | Entered Level 5 of the Dungeon
  2779 | D:5      | Reached skill level 4 in Short Blades
  2780 | D:5      | Reached *** piety under Uskayaw
  2782 | D:5      | Reached XP level 7. HP: 38/43 MP: 7/7
  2782 | D:5      | Reached **** piety under Uskayaw
  2835 | D:5      | Reached skill level 5 in Short Blades
  3267 | D:5      | Noticed Sigmund
  3278 | D:5      | Killed Sigmund
  3279 | D:5      | Reached skill level 6 in Short Blades
  3292 | D:5      | Noticed Edmund
  3300 | D:5      | Killed Edmund
  3301 | D:5      | Reached XP level 8. HP: 34/48 MP: 8/8
  3393 | D:5      | Reached skill level 7 in Short Blades
  3614 | D:6      | Noticed a hornet
  3617 | D:6      | Found a staircase to the Ecumenical Temple.
  3623 | D:6      | Killed a hornet
  3624 | D:6      | Reached skill level 8 in Short Blades
  3678 | D:6      | Found a runed translucent gate.
  3678 | D:6      | Found a runed translucent gate.
  3681 | D:6      | Found a runed translucent gate.
  3817 | D:6      | Reached skill level 9 in Short Blades
  3841 | D:6      | Noticed avangion's ghost (novice DECj)
  4549 | D:6      | Reached XP level 9. HP: 38/53 MP: 9/9
  4626 | D:7      | Reached skill level 10 in Short Blades
  4770 | D:7      | Noticed Maggie
  4780 | D:7      | Killed Maggie
  5120 | D:7      | Noticed a cyclops
  5120 | D:7      | Noticed a manticore
  5120 | D:7      | Noticed a deep elf pyromancer
  5120 | D:7      | Noticed a cyclops
  5156 | D:7      | Killed a cyclops
  5157 | D:7      | Reached skill level 5 in Dodging
  5182 | D:7      | Killed a deep elf pyromancer
  5183 | D:7      | Reached skill level 5 in Fighting
  5183 | D:7      | Reached XP level 10. HP: 44/66 MP: 10/10
  5290 | D:7      | Killed a cyclops
  5294 | D:7      | Killed a manticore
  5353 | D:7      | Found a runed translucent door.
  5354 | D:7      | Noticed Crazy Yiuf
  5361 | D:7      | Killed Crazy Yiuf
  5498 | D:7      | Reached skill level 11 in Short Blades
  5740 | D:7      | Noticed a cyclops
  5746 | D:7      | Killed a cyclops
  6128 | D:8      | Found a white marble altar of Elyvilon.
  6174 | D:8      | Found a radiant altar of Vehumet.
  6334 | D:8      | Reached ***** piety under Uskayaw
  6432 | D:8      | Reached skill level 12 in Short Blades
  6432 | D:8      | Reached XP level 11. HP: 71/71 MP: 11/11
  6474 | D:8      | Noticed a two-headed ogre
  6482 | D:8      | Slain by a two-headed ogre

Illustrated notes

Levels and vault maps discovered:
D:1:      evilmike_arrival_crescent, layout_loops_ring, basic_ecumenical_altar,
          grunt_decor_one_mirror
D:2:      layout_basic, basic_altar, small_statue_intersection
D:3:      layout_basic, mainiacjoe_overflow_chevrons
D:4:      layout_rooms, nicolae_dithmenos_the_darkroom, minmay_crystal_room
D:5:      layout_loops_ring, st_stairs_4, sigmund_edmund_badplayer
D:6:      layout_basic, minmay_temple_entry_butterflies, gammafunk_ghost_icy
D:7:      layout_rooms, minmay_shattered_shrine, uniq_crazy_yiuf_cottage,
          uniq_maggie
D:8:      layout_basic, mainiacjoe_overflow_24_doors,
          nicolae_elyvilon_temple_path

Skill      XL: |  1  2  3  4  5  6  7  8  9 10 |
---------------+-------------------------------+-----
Shapeshifting  | 4 5 |  5.7
Short Blades   | 1 4 6 9 10 12 | 12.1
Fighting       | 5 |  5.0
Dodging        | 5 8 |  8.7
Unarmed Combat | |  3.0

Action                     |  1- 3 |  4- 6 |  7- 9 | 10-12 || total
---------------------------+-------+-------+-------+-------++-------
  Melee: Unarmed           |    61 |    28 |       |       ||    89
         Tentacles         |    14 |     9 |    20 |    29 ||    72
         Constrict         |    13 |    18 |    22 |    11 ||    64
         Rapier            |       |    42 |   107 |    91 ||   240
         Punch             |       |     1 |     2 |     4 ||     7
  Evoke: Wand              |       |       |     2 |       ||     2
    Use: Scroll            |     4 |    10 |     4 |     3 ||    21
         Potion            |       |     4 |     5 |       ||     9
   Stab: Sleeping          |     4 |     7 |     7 |     1 ||    19
         Paralysed         |       |     1 |     3 |     7 ||    11
         Invisible         |       |       |     2 |       ||     2
 Armour: Skin              |    18 |    28 |   107 |    25 ||   178
  Dodge: Dodged            |    35 |    37 |    56 |    64 ||   192

Table legend: (Time is in decaauts)
 A = Elapsed time spent in this place.
 B = Non-inter-level travel time spent in this place.
 C = Inter-level travel time spent in this place.
 D = Time resting spent in this place.
 E = Time spent auto-exploring this place.
 F = Levels seen in this place.
 G = Mean time per level.
                   A        B        C        D        E       F      G
               +--------+--------+--------+--------+--------+-----+--------+
         Total |   6418 |   6260 |    158 |   1378 |   3705 |   8 |  802.2 |
       Dungeon |   6418 |   6260 |    158 |   1378 |   3705 |   8 |  802.2 |
               +--------+--------+--------+--------+--------+-----+--------+

Top non-repeatable levels by time:
     D:7: 1509 daAuts
     D:6: 1057 daAuts
     D:5: 784 daAuts
     D:3: 778 daAuts
     D:2: 683 daAuts
     D:1: 676 daAuts
     D:4: 573 daAuts
     D:8: 354 daAuts
